 Dungeon Crawl Stone Soup version 0.23.2-33-g5129a83184 (webtiles) character file.

Game seed: 17466200885263142960

99 Folque the Conjurer (level 4, -5/35 HPs)
             Began as a Demigod Conjurer on July 10, 2019.
             Slain by a hippogriff (9 damage)
             ... on level 3 of the Dungeon.
             The game lasted 00:05:33 (2267 turns).

Folque the Conjurer (Demigod Conjurer)              Turns: 2267, Time: 00:05:33

Health: -5/35      AC:  2    Str: 11    XL:     4   Next: 22%
Magic:  1/11       EV: 12    Int: 21    God:
Gold:   112        SH:  0    Dex: 16    Spells: 3/9 levels left

rFire    . . .     SeeInvis .   o - +0 short sword
rCold    . . .     Gourm    .   (no shield)
rNeg     . . .     Faith    .   a - +0 robe
rPois    .         Spirit   .   (no helmet)
rElec    .         Reflect  .   (no cloak)
rCorr    .         Harm     .   (no gloves)
MR       .....                  (no boots)
Stlth    ++........             (no amulet)
HPRegen  0.11/turn              (no ring)
MPRegen  0.12/turn              (no ring)

@: no status effects
A: high mp 1
a: no special abilities


You were on level 3 of the Dungeon.
You were hungry.

You visited 1 branch of the dungeon, and saw 3 of its levels.

You collected 112 gold pieces.

Inventory:

Hand Weapons
 b - a +0 spear
 h - a +0 dagger
 o - a +0 short sword (weapon)
 p - a +0 dagger of venom
Armour
 a - a +0 robe (worn)
Jewellery
 l - an uncursed ring of protection from magic {unknown}
Wands
 m - a wand of acid (10)
Scrolls
 d - 4 scrolls of identify {unknown}
 g - 2 scrolls of enchant weapon {unknown}
 i - 2 scrolls of teleportation {unknown}
 j - 2 scrolls of fog {unknown}
 k - a scroll of remove curse {unknown}
 s - a scroll of enchant armour {unknown}
Potions
 e - a potion of invisibility {unknown}
 f - 2 potions of heal wounds {unknown}
 n - a potion of curing {unknown}
 q - a potion of agility {unknown}
 r - a potion of resistance {unknown}
Comestibles
 c - 7 rations


   Skills:
 - Level 1.1 Fighting
 - Level 1.7 Dodging
 - Level 1.7 Stealth
 - Level 3.0 Spellcasting
 + Level 4.3 Conjurations
 * Level 0.2 Hexes


You had 3 spell levels left.
You knew the following spells:

 Your Spells              Type           Power        Failure   Level  Hunger
a - Magic Dart            Conj           ###.         2%          1    None
b - Searing Ray           Conj           ###...       3%          2    ##.....
c - Dazzling Spray        Conj/Hex       ##....       16%         3    ###....

Your spell library contained the following spells:

 Spells                   Type           Power        Failure   Level  Hunger
 Iskenderun's Mystic Bla  Conj           ###.....     22%         4    ####...
 Fulminant Prism          Conj/Hex       ##........   45%         4    ####...
 Force Lance              Conj/Tloc      ##......     47%         4    ####...


Dungeon Overview and Level Annotations

Branches:
Dungeon (3/15)


Innate Abilities, Weirdness & Mutations

You have an increased reservoir of magic. (+10% MP)


Message History

The magic dart hits the hippogriff.
The hippogriff is almost dead.
The hippogriff barely misses you.
The hippogriff pecks you but does no damage.
The hippogriff barely misses you. The bat hits you.
The bat hits you but does no damage. The bat hits you but does no damage.
The bat hits you but does no damage.
You closely miss the hippogriff.
The hippogriff is almost dead.
The bat completely misses you. The bat barely misses you.
The hippogriff barely misses you. The hippogriff pecks you.
The hippogriff claws you. The bat hits you. x2
You miss the bat. The bat hits you. The bat closely misses you.
The hippogriff completely misses you. The hippogriff pecks you!
* * * LOW HITPOINT WARNING * * *
The hippogriff claws you!
You die...

.[....########........# #....##.
.!.........####.......####..#.##.
........##............##......##.
.........................#....#..
.......................#..(#.....
.......#######>..........#.(.....
....... ###.#b..##..##.......
.......### ##...#H###...##.......
.>.......###..#.@.#...#....<รท....
......$#......#..##>#####........
.### #............# #........
#.....>...#### ##........
##.........# #..##.....
#.........## ##.........
#.##.....## ###..........
#........######....#.......
#..........................


You could see a hippogriff and a bat.

Vanquished Creatures
  3 adders (D:2)
  3 worms
  3 leopard geckos
  A ball python (D:2)
  4 giant cockroaches
  2 goblins
  10 hobgoblins
  7 kobolds
  A quokka (D:1)
  6 bats
  3 frilled lizards
  17 rats
60 creatures vanquished.

Notes
Turn   | Place    | Note
-------+----------+-------------------------------------------
     0 | D:1      | Folque the Demigod Conjurer began the quest for the Orb.
     0 | D:1      | Reached XP level 1. HP: 14/14 MP: 5/5
   341 | D:1      | Reached XP level 2. HP: 20/22 MP: 7/7
   406 | D:1      | Learned a level 2 spell: Searing Ray
   412 | D:1      | Reached skill level 4 in Conjurations
   594 | D:1      | Reached skill level 1 in Fighting
   929 | D:2      | Reached XP level 3. HP: 19/28 MP: 3/9
   934 | D:2      | Learned a level 3 spell: Dazzling Spray
  1563 | D:2      | Reached XP level 4. HP: 18/35 MP: 6/11
  2141 | D:3      | Noticed a hippogriff
  2267 | D:3      | Slain by a hippogriff

Skill      XL: |  1  2  3  4 |
---------------+-------------+-----
Spellcasting   | 2 3 |  3.0
Conjurations   | 4 |  4.3
Fighting       | 1 |  1.1
Dodging        | |  1.7
Stealth        | |  1.7
Hexes          | |  0.2

Action                   |  1- 3 |  4- 6 || total
-------------------------+-------+-------++-------
Melee: Spear             |    12 |       ||    12
       Dagger            |    83 |     2 ||    85
       Short sword       |       |    27 ||    27
 Cast: Magic Dart        |    25 |     2 ||    27
       Searing Ray       |     8 |     4 ||    12
       Dazzling Spray    |     2 |     4 ||     6
 Stab: Sleeping          |     8 |     1 ||     9
       Invisible         |       |     1 ||     1
  Eat: Chunk             |     3 |     2 ||     5
Armor: Robe              |    14 |    11 ||    25
Dodge: Dodged            |    57 |    44 ||   101
